 Dungeon Crawl Stone Soup version 0.24.0-13-gcf9b3192b9 (webtiles) character file.

Game seed: 14337832222305994273, levelgen mode: deterministic

462 Arixos the Skirmisher (level 6, -4/48 HPs)
             Began as a Mummy Abyssal Knight on Nov 7, 2019.
             Was a Believer of Lugonu.
             Slain by a slave (7 damage)
             ... led by Pikel
             ... on level 4 of the Dungeon.
             The game lasted 00:12:18 (3586 turns).

Arixos the Skirmisher (Mummy Abyssal Knight)        Turns: 3586, Time: 00:12:19

Health: -4/48      AC: 12    Str: 17    XL:     6   Next: 79%
Magic:  8/8        EV:  5    Int: 11    God:    Lugonu [**....]
Gold:   182        SH:  0    Dex: 12    Spells: 5/5 levels left

rFire    x . .     SeeInvis .   a - +2 falchion (vamp)
rCold    + + .     Gourm    .   (no shield)
rNeg     + + +     Faith    .   l - +1 plate armour {rC+}
rPois    ∞         Spirit   .   (no helmet)
rElec    .         Reflect  .   (no cloak)
rCorr    .         Harm     .   (no gloves)
MR       +....                  (no boots)
Stlth    ..........             (no amulet)
HPRegen  0.16/turn              j - ring of protection from magic
MPRegen  0.11/turn              (no ring)

@: no status effects
A: no food or potions, fire vulnerability, cold resistance 1, negative energy
resistance 3, torment resistance, unbreathing
a: Depart the Abyss, Bend Space, Renounce Religion


You were on level 4 of the Dungeon.
You worshipped Lugonu.
Lugonu was pleased with you.
You were not hungry.

You visited 1 branch of the dungeon, and saw 5 of its levels.
You visited the Abyss 1 time.

You collected 182 gold pieces.

Inventory:

Hand Weapons
 a - a +2 vampiric falchion (weapon)
Missiles
 b - 13 poisoned darts (quivered)
 h - 2 curare-tipped darts
Armour
 l - a +1 plate armour of cold resistance (worn)
Jewellery
 j - a ring of protection from magic (left hand)
Wands
 g - a wand of flame (7)
Scrolls
 c - 7 scrolls of identify {unknown}
 d - 3 scrolls of teleportation {unknown}
 e - 4 scrolls of remove curse {unknown}
 f - 2 scrolls of noise {unknown}
 i - a scroll of blinking {unknown}


   Skills:
 + Level 4.2 Fighting
 * Level 3.5 Long Blades
 + Level 2.8 Armour
 + Level 2.4 Dodging
 + Level 3.0 Invocations


You had 5 spell levels left.
You didn't know any spells.
Your spell library contained the following spells:

 Spells                   Type           Power        Failure   Level  Hunger
 Corona                   Hex            #......      100%        1    N/A
 Ensorcelled Hibernation  Hex/Ice        #.....       100%        2    N/A
 Confuse                  Hex            #.......     100%        3    N/A
 Dazzling Spray           Conj/Hex       #.....       100%        3    N/A
 Tukima's Dance           Hex            #.......     100%        3    N/A

Dungeon Overview and Level Annotations

Branches:
Dungeon (5/15)
 Temple: D:4-7

Altars:
Dithmenos
Hepliaklqana
Sif Muna

Annotations:
D:4 1 runed translucent door, Grinder, Pikel


Innate Abilities, Weirdness & Mutations

You do not eat or drink.
Your flesh is vulnerable to fire.
You are immune to poison.
Your flesh is cold resistant. (rC+)
You are immune to negative energy. (rN+++)
You are immune to unholy pain and torment.
You can survive without breathing.


Message History

* * * LOW HITPOINT WARNING * * *
Something shocks you.
* * * LOW HITPOINT WARNING * * *
Items here: )) [[ † a +0 dagger; a +0 robe; a +0 dagger; a +0 robe; a hound corpse A sky beast appears from thin air!
Reactivating autopickup.
The sky beast flickers out of sight!
Deactivating autopickup; reactivate with Ctrl-A.
There is a stone staircase leading up here.
Something hits you but does no damage.
You climb upwards.
Level annotation: 1 runed translucent door, Grinder, Pikel Reactivating autopickup.
Pikel hits you with a +2 whip of freezing.
* * * LOW HITPOINT WARNING * * *
The slave hits you but does no damage.
There is a stone staircase leading down here.
The slave hits you!
You die...

#.....p#.# #.........
###......# #...##....
#.##...# ###...##....
#.###..# #...#.##....
#.# #..###...#.##.##.
#.###p.##......#..##.
#..##K>.....#....##..
##.#.p###.#....####.#
#.#@####....#..###.#
#...###.....#....#.#
##..#.....#...##.#.#
#....#....#..##....
..#.#...#.#.......#
.[.##...##.#...###.#
...#!..###.##....#.#
....#..## #.##.##.#.#
#####.## #.##.##.#.#


You could see Pikel and 2 slaves.

Vanquished Creatures
  3 hounds
  An orc priest (D:4)
  3 orc wizards (D:5)
  An iguana (D:4)
  Natasha (thrice) (D:4)
  A hound zombie (D:4)
  2 hound skeletons (D:4)
  2 worker ant zombies (D:4)
  An ooze (D:3)
  3 worms
  2 dart slugs (D:1)
  A leopard gecko (D:4)
  4 orcs (D:3)
  10 giant cockroaches
  10 goblins
  7 hobgoblins
  6 jackals
  5 kobolds
  A quokka (D:2)
  6 bats
  4 frilled lizards
  A leopard gecko skeleton (D:4)
  A quokka zombie (D:4)
  7 rats
85 creatures vanquished.

Notes
Turn   | Place    | Note
-------+----------+-------------------------------------------
     0 | Abyss:1  | Arixos the Mummy Abyssal Knight began the quest for the
                  | Orb.
     0 | Abyss:1  | Reached XP level 1. HP: 18/18 MP: 2/2
     0 | Abyss:1  | Found an opulent altar of Gozag.
    48 | Abyss:1  | Noticed a hellwing
    56 | D:1      | Escaped the Abyss
   179 | D:1      | Reached * piety under Lugonu
   179 | D:1      | Reached skill level 1 in Dodging
   180 | D:1      | Reached XP level 2. HP: 20/24 MP: 3/3
   823 | D:1      | Reached XP level 3. HP: 29/29 MP: 4/4
  1312 | D:2      | Reached ** piety under Lugonu
  1586 | D:2      | Found a shimmering blue altar of Sif Muna.
  1875 | D:3      | Found a hazy altar of Hepliaklqana.
  1919 | D:3      | Reached XP level 4. HP: 32/35 MP: 5/5
  2300 | D:4      | Noticed Grinder
  2522 | D:4      | Reached XP level 5. HP: 31/42 MP: 6/6
  2694 | D:4      | Noticed Natasha
  2702 | D:4      | Killed Natasha
  2763 | D:4      | Noticed Natasha
  2778 | D:4      | Killed Natasha
  2778 | D:4      | Reached skill level 4 in Fighting
  2778 | D:4      | Reached XP level 6. HP: 21/48 MP: 8/8
  2782 | D:4      | Noticed Natasha
  3108 | D:4      | Found a shadowy altar of Dithmenos.
  3190 | D:4      | Killed Natasha
  3403 | D:4      | Noticed Pikel
  3403 | D:4      | Noticed a slave
  3403 | D:4      | Noticed a slave
  3403 | D:4      | Noticed a slave
  3405 | D:4      | Found a runed translucent door.
  3412 | D:5      | Entered Level 5 of the Dungeon
  3528 | D:5      | Noticed a sky beast
  3586 | D:4      | Slain by a slave

Levels and vault maps discovered:
D:1:      lordsloth_arrival_two_stooges, layout_loops_ring
D:2:      layout_basic, lemuel_blue_sif_altar, dk_noncrumbling_3
D:3:      layout_rooms, old_standard_altar
D:4:      layout_rooms, nicolae_overflow_crystal_walls, ebering_ghost_sewer_d,
          serial_undead, serial_undead_b, serial_undead_b, serial_undead_e,
          serial_undead_e, serial_undead_a, nicolae_dithmenos_shadow_blocks,
          uniq_natasha, uniq_grinder, uniq_pikel
D:5:      layout_basic, first_ration, uniq_ijyb

Skill      XL: |  1  2  3  4  5  6 |
---------------+-------------------+-----
Dodging        | 1 2 |  2.4
Invocations    | 2 3 |  3.0
Armour         | 2 |  2.8
Long Blades    | 2 3 |  3.5
Fighting       | 4 |  4.2

Action                   |  1- 3 |  4- 6 || total
-------------------------+-------+-------++-------
Melee: Falchion          |    45 |   182 ||   227
       Short sword       |   120 |    12 ||   132
Invok: Depart the Abyss  |     1 |       ||     1
Armor: Leather armour    |    18 |       ||    18
       Scale mail        |    56 |     6 ||    62
       Chain mail        |       |    54 ||    54
       Plate armour      |       |    72 ||    72
Dodge: Dodged            |    73 |    59 ||   132
       Rpst.: Falchion   |     8 |    18 ||    26
